 Dungeon Crawl Stone Soup version 0.29.1 (webtiles) character file.

Game seed: 13563797255172385706

66 xian the Gusty (level 4, 0/24 HPs)
             Began as a Tengu Air Elementalist on Sept 15, 2022.
             Killed by their own static electricity (2 damage)
             ... on level 2 of the Dungeon.
             The game lasted 00:03:00 (1953 turns).

xian the Gusty (Tengu Air Elementalist)             Turns: 1953, Time: 00:03:00

Health: 0/24       AC:  2    Str:  9    XL:     4   Next: 15%
Magic:  1/9        EV: 12    Int: 23    God:
Gold:   111        SH:  0    Dex: 14    Spells: 5/8 levels left

rFire   . . .      SeeInvis .   f - +1 quarterstaff (drain)
rCold   + . .      Faith    .   (shield currently unavailable)
rNeg    . . .      Spirit   .   a - +0 robe
rPois   .          Reflect  .   (helmet restricted)
rElec   .          Harm     .   (no cloak)
rCorr   .          Rampage  .   (no gloves)
Will    .....                   (boots unavailable)
Stlth   ++........              (no amulet)
HPRegen 0.08/turn               k - +6 ring of intelligence
MPRegen 0.11/turn               j - ring of protection from cold

@: no status effects
A: beak, talons 3
a: no special abilities


You were on level 2 of the Dungeon.
You visited 1 branch of the dungeon, and saw 2 of its levels.

You collected 111 gold pieces.

Inventory:

Hand Weapons
 f - a +1 quarterstaff of draining (weapon)
Armour
 a - a +0 robe (worn)
Jewellery
 j - a ring of protection from cold (right hand)
 k - a +6 ring of intelligence (left hand)
Scrolls
 d - 2 scrolls of enchant weapon {unknown}
 g - a scroll of fog {unknown}
 h - 2 scrolls of identify {unknown}
 i - 2 scrolls of torment {unknown}
 l - a scroll of poison {unknown}
Potions
 b - a potion of magic
 c - 2 potions of heal wounds {unknown}
 e - 2 potions of curing {unknown}


   Skills:
 + Level 2.4 Dodging
 + Level 2.2 Stealth
 + Level 2.7 Spellcasting
 + Level 2.8 Conjurations
 + Level 4.8 Air Magic


You had 5 spell levels left.
You knew the following spells:

 Your Spells              Type           Power      Damage    Failure   Level
a - Shock                 Conj/Air       80%        1d8       2%          1
b - Static Discharge      Conj/Air       20%        3-6/arc   3%          2

Your spell library contained the following spells:

 Spells                   Type           Power      Damage    Failure   Level
 Swiftness                Air            25%        N/A       4%          3
 Airstrike                Air            12%        2d(2-18)  16%         4


Dungeon Overview and Level Annotations

Branches:
Dungeon (2/15)

Altars:
Makhleb


Innate Abilities, Weirdness & Mutations

You have a beak for a mouth.
You have claws for feet.


Message History

You kill the quokka!
You can't see any susceptible monsters within range! (Use Z to cast anyway.)
You see here a quokka corpse.
You see here a +2 ring mail of cold resistance.
You now have 111 gold pieces (gained 9).
h - 2 scrolls labelled EQAGIM WAOZ (gained 1)
i - 2 scrolls labelled OBIETR WARE (gained 1)
You see here a quokka corpse.
Sigmund is nearby!
The zap misses Sigmund.
Sigmund shouts!
The zap misses Sigmund.
Sigmund zaps a wand.
The puff of flame misses you.
Unknown command.
Sigmund hits you from afar with a +0 scythe!
Sigmund zaps a wand.
The puff of flame hits you.
Casting: Shock (safe; 2% risk of failure)
Confirm with . or Enter, or press ? or * to list all spells.
Sigmund is struck by an arc of lightning!
Sigmund is moderately wounded.
You are struck by an arc of lightning.
Sigmund is struck by an arc of lightning.
Sigmund is heavily wounded.
The lightning grounds out.
Sigmund closely misses you.
Casting: Static Discharge (safe; 3% risk of failure)
Confirm with . or Enter, or press ? or * to list all spells.
Sigmund is struck by an arc of lightning!
Sigmund is severely wounded.
You are struck by an arc of lightning.
* * * LOW HITPOINT WARNING * * *
The lightning grounds out.
Casting: Static Discharge (safe; 3% risk of failure)
Confirm with . or Enter, or press ? or * to list all spells.
Sigmund is struck by an arc of lightning.
Sigmund is severely wounded.
You are struck by an arc of lightning.
* * * LOW HITPOINT WARNING * * *
Sigmund is struck by an arc of lightning!
You kill Sigmund!
You are struck by an arc of lightning.
You die...

.#
#.##########......##...######
.####.#.....†..#......##.###
.##...#.######.#......#..#
.'..#.#.#..[.#.#..#####.##
)##.#.#.#.#..#.#....###.###
.##.#.#.#.####.#....>.....#
.##...#.#......#.....####.#
### ###.#.#.########.....#
#.# #.. #
#.#.#.........@....#
#.#####.#
###...##########)....#
#.....#.#
.....[...............#
#####.#.#
.........#..###......# #.#.#
...........## #......# #.#..
.........### ######## #.###
.........# #.... #####....#
##### #....# #<


There were no monsters in sight!

Vanquished Creatures
  Sigmund (D:2)
  Jessica (D:2)
  An adder (D:2)
  A worm (D:2)
  A dart slug (D:1)
  3 ball pythons (D:1)
  6 endoplasms
  3 hobgoblins
  2 quokkas
  3 bats
  2 frilled lizards (D:1)
  4 rats
28 creatures vanquished.

Notes
Turn   | Place    | Note
-------+----------+-------------------------------------------
     0 | D:1      | xian the Tengu Air Elementalist began the quest for the
                  | Orb.
     0 | D:1      | Reached XP level 1. HP: 10/10 MP: 4/4
   282 | D:1      | Reached XP level 2. HP: 15/15 MP: 4/6
  1051 | D:2      | Found a burning altar of Makhleb.
  1214 | D:2      | Reached XP level 3. HP: 19/19 MP: 1/7
  1401 | D:2      | Noticed Sigmund
  1658 | D:2      | Learned a level 2 spell: Static Discharge
  1732 | D:2      | Noticed Jessica
  1735 | D:2      | Killed Jessica
  1736 | D:2      | Reached XP level 4. HP: 18/24 MP: 3/9
  1953 | D:2      | Killed Sigmund
  1953 | D:2      | Killed from afar by themself

Illustrated notes

Levels and vault maps discovered:
D:1:      heliophobic_arrival_enchanted_forest, layout_basic, moated_statue,
          minmay_misc_feat_secret_circle
D:2:      layout_basic, basic_altar, minivault_5, grunt_decor_cap, uniq_sigmund,
          uniq_jessica

Skill      XL: |  1  2 |
---------------+-------+-----
Conjurations   | 2 |  2.8
Dodging        | |  2.4
Stealth        | |  2.2
Spellcasting   | |  2.7
Air Magic      | |  4.8

Action                   |  1- 3 |  4- 6 || total
-------------------------+-------+-------++-------
Melee: Quarterstaff      |     2 |       ||     2
 Cast: Shock             |    56 |     8 ||    64
       Static Discharge  |     1 |     2 ||     3
Armor: Robe              |     2 |     1 ||     3
Dodge: Dodged            |     3 |     2 ||     5
